AoeStats
← dr. phil.

Lombardia

509366079Analyzed
3v3 RM · 4d ago on Sep 26, 2026· 44m 12s· 6 players
Game mode
Random Map
Map size
Normal (6 player)
Population
200
Speed
Normal
Resources
Standard
Victory
Conquest
Starting age
Dark Age
Ending age
Imperial Age
RankedLock teamsTeams togetherTeam positionsShared explorationLock speedFull tech treeHidden civsTurbo modeCheats
Victory
Defeat
🇨🇿 Italians · Czechia
1172
+16
🇨🇿 Lithuanians · Czechia
1172
+16
🇨🇿 Spanish · Czechia
1171
+16
🇩🇰 Poles · Denmark
1229
-19
🇩🇪 Franks · Germany
1159
-15
🇬🇧 Mongols · United Kingdom
1121
-14
Zeisus
8:59 Loom
11:59 Feudal Age
10:22 Loom
17:04 Castle Age
15:51 Double-Bit Axe
16:46 Horse Collar
25:27 Bow Saw
28:26 Heavy Plow
28:56 Bloodlines
28:48 Husbandry
29:48 Scale Barding Armor
29:54 Forging
33:48 Wheelbarrow
36:22 Imperial Age
35:51 Hand Cart
37:02 Chain Barding Armor
38:18 Plate Barding Armor
37:52 Cavalier
38:59 Gold Mining
38:58 Town Watch
41:05 Iron Casting
40:06 Paladin
41:52 Crop Rotation
41:46 Fletching
Icecreature
11:19 Feudal Age
13:09 Loom
17:06 Castle Age
15:31 Double-Bit Axe
19:44 Pikeman
20:26 Padded Archer Armor
21:56 Scale Mail Armor
26:09 Stone Mining
34:41 Imperial Age
32:25 Gold Mining
35:30 Chain Mail Armor
35:23 Scale Barding Armor
35:38 Bloodlines
34:53 Cavalier
36:12 Wheelbarrow
35:25 Town Watch
36:47 Conscription
36:29 Husbandry
36:44 Horse Collar
37:19 Bow Saw
37:42 Heavy Plow
39:46 Hand Cart
41:26 Two-Man Saw
42:33 Chemistry
42:08 Chain Barding Armor
41:59 Forging
43:44 Plate Barding Armor
44:37 Iron Casting
Bite Hard
10:15 Loom
12:00 Feudal Age
10:23 Loom
12:10 Feudal Age
13:39 Double-Bit Axe
17:11 Castle Age
20:37 Wheelbarrow
22:21 Horse Collar
25:17 Bow Saw
26:46 Fletching
27:03 Heavy Plow
28:17 Hand Cart
28:00 Gold Mining
28:28 Padded Archer Armor
29:37 Town Watch
33:13 Imperial Age
31:29 Bodkin Arrow
32:03 Ballistics
32:02 Town Patrol
33:10 Leather Archer Armor
33:24 Thumb Ring
33:32 Stone Mining
34:29 Ring Archer Armor
35:09 Chemistry
34:39 Conscription
36:27 Two-Man Saw
36:06 Crop Rotation
36:41 Stone Shaft Mining
36:10 Bracer
36:33 Masonry
36:21 Elite Genoese Crossbowman
38:16 Hoardings
37:55 Squires
lukembarnes
10:38 Feudal Age
9:46 Loom
12:40 Double-Bit Axe
16:57 Castle Age
14:57 Horse Collar
17:29 Wheelbarrow
22:58 Stone Mining
23:54 Heavy Plow
25:44 Stone Shaft Mining
25:00 Gold Mining
28:00 Husbandry
28:11 Bloodlines
27:53 Fletching
28:04 Padded Archer Armor
29:18 Ballistics
29:55 Gold Shaft Mining
29:44 Bodkin Arrow
29:49 Padded Archer Armor
30:55 Hand Cart
32:10 Leather Archer Armor
31:55 Light Cavalry
36:40 Imperial Age
34:57 Scale Barding Armor
35:02 Forging
36:26 Chain Barding Armor
37:57 Hussar
38:54 Bracer
39:29 Iron Casting
39:45 Conscription
40:26 Siege Engineers
41:22 Chemistry
40:55 Drill
41:12 Hoardings
40:40 Nomads
42:00 Blast Furnace
41:09 Heavy Camel Rider
41:44 Onager
zooy
10:30 Feudal Age
14:01 Bloodlines
14:33 Forging
19:58 Castle Age
19:35 Gold Mining
19:32 Double-Bit Axe
19:30 Horse Collar
22:16 Heavy Plow
22:30 Bow Saw
23:27 Szlachta Privileges
dr. phil.
5:28 Loom
11:23 Feudal Age
15:45 Castle Age
13:35 Double-Bit Axe
18:07 Bow Saw
21:44 Town Watch
24:30 Wheelbarrow
25:01 Gold Mining
25:01 Stone Mining
Connection lost

Rejoining the realm…

Still unreachable

The connection could not be restored.

Session expired

The server has moved on; the page needs a fresh start.